AoeStats
← Fazzz7z

MegaRandom

506719427Analyzed
2v2 RM · 18d ago on Sep 14, 2026· 56m 26s· 4 players
Game mode
Random Map
Map size
Medium (4 player)
Population
200
Speed
Normal
Resources
Standard
Victory
Conquest
Starting age
Dark Age
Ending age
Imperial Age
RankedLock teamsTeams togetherTeam positionsShared explorationLock speedFull tech treeHidden civsTurbo modeCheats
Victory
Defeat
🇪🇸 Persians · Spain
1362
+18
🇪🇸 Malians · Spain
1360
+18
🇫🇷 Tatars · France
1400
-19
🇬🇧 Khitans · United Kingdom
1390
-17
Fugi
4:16 Loom
11:22 Feudal Age
12:19 Double-Bit Axe
15:58 Castle Age
14:41 Scale Barding Armor
14:47 Horse Collar
16:50 Bow Saw
16:42 Heavy Plow
23:39 Pikeman
24:32 Forging
24:23 Scale Mail Armor
25:09 Wheelbarrow
24:20 Town Watch
24:46 Squires
25:43 Bloodlines
25:33 Husbandry
25:47 Gold Mining
26:10 Light Cavalry
30:06 Stone Mining
37:47 Imperial Age
35:35 Hand Cart
38:00 Chain Barding Armor
37:31 Hussar
Hercules
2:29 Loom
11:25 Feudal Age
12:20 Double-Bit Axe
15:29 Castle Age
13:42 Scale Barding Armor
16:37 Bow Saw
16:07 Horse Collar
15:54 Light Cavalry
17:50 Forging
20:39 Wheelbarrow
21:10 Heavy Plow
21:00 Gold Mining
22:47 Hand Cart
28:45 Husbandry
32:19 Chain Barding Armor
33:49 Bloodlines
35:12 Town Watch
36:28 Iron Casting
37:15 Scale Mail Armor
37:05 Fletching
37:23 Squires
38:34 Tigui
39:12 Pikeman
40:09 Chain Mail Armor
44:56 Imperial Age
42:55 Bodkin Arrow
49:28 Farimba
49:48 Conscription
50:31 Plate Barding Armor
50:26 Plate Mail Armor
Fazzz7z
10:41 Feudal Age
11:24 Double-Bit Axe
14:57 Castle Age
15:39 Scale Barding Armor
15:46 Forging
15:52 Scale Barding Armor
16:17 Gold Mining
19:56 Loom
21:24 Iron Casting
23:07 Wheelbarrow
23:40 Domestication
24:12 Bow Saw
26:57 Pastoralism
28:24 Hand Cart
32:08 Imperial Age
29:47 Husbandry
29:26 Light Cavalry
32:18 Hussar
38:04 Two-Man Saw
37:34 Transhumance
43:07 Chain Barding Armor
43:35 Murder Holes
47:44 Plate Barding Armor
49:02 Conscription
50:54 Fletching
56:25 Scale Mail Armor
FLEJEUNE
3:56 Loom
10:24 Feudal Age
11:29 Gold Mining
12:31 Double-Bit Axe
14:20 Town Watch
17:30 Castle Age
16:19 Fletching
16:38 Padded Archer Armor
16:50 Bloodlines
16:54 Bloodlines
19:33 Bow Saw
19:27 Bodkin Arrow
20:30 Horse Collar
22:31 Wheelbarrow
22:32 Ballistics
22:29 Leather Archer Armor
22:15 Husbandry
26:47 Hand Cart
26:31 Treadmill Crane
27:29 Gold Shaft Mining
29:18 Town Patrol
29:24 Fishing Lines
30:41 Gillnets
35:17 Imperial Age
36:17 Guilds
36:14 Bracer
38:55 Ring Archer Armor
39:33 Chemistry
45:17 Caravan
48:11 Elite Skirmisher
49:23 Clinker Construction
50:12 Heavy Camel Rider
52:39 Squires
Connection lost

Rejoining the realm…

Still unreachable

The connection could not be restored.

Session expired

The server has moved on; the page needs a fresh start.